 Dungeon Crawl Stone Soup version 0.29-a0-512-gf59ac788ac (console) character file.

Game seed: 7049868712526343846

3257 iphy the Chopper (level 9, -4/68 HPs)
             Began as a Mummy Wanderer on May 30, 2022.
             Was a Believer of Nemelex Xobeh.
             Slain by a yak (12 damage)
             ... on level 8 of the Dungeon.
             The game lasted 00:13:52 (8712 turns).

iphy the Chopper (Mummy Wanderer)                   Turns: 8712, Time: 00:13:53

Health: -4/68      AC:  9    Str: 21    XL:     9   Next: 67%
Magic:  11/11      EV:  7    Int: 11    God:    Nemelex Xobeh [**....]
Gold:   254        SH:  5    Dex: 16    Spells: 10/10 levels left

rFire   . . .      SeeInvis .   a - +0 broad axe (vamp)
rCold   + + +      Faith    +   b - +0 buckler
rNeg    + + +      Spirit   .   s - +0 chain mail
rPois   ∞          Reflect  .   (no helmet)
rElec   .          Harm     .   (no cloak)
rCorr   .          Rampage  .   q - +0 pair of gloves
Will    ++...                   (no boots)
Stlth   ..........              l - amulet of Memuomicw {Faith Fragile rF+ rC++ rN+}
HPRegen 0.21/turn               f - +6 ring of dexterity
MPRegen 0.12/turn               m - ring of willpower

@: no status effects
A: cold resistance 1, negative energy resistance 3, torment resistance 2, heat
vulnerability 1, in touch with death 1, no potions
a: Renounce Religion, Draw Escape, Draw Destruction, Draw Summoning


You were on level 8 of the Dungeon.
You worshipped Nemelex Xobeh.
Nemelex Xobeh was pleased with you.
You visited 2 branches of the dungeon, and saw 9 of its levels.

You collected 373 gold pieces.
You spent 119 gold pieces at shops.

Inventory:

Hand Weapons
 a - a +0 vampiric broad axe (weapon)
Missiles
 g - 5 poisoned darts (quivered)
 j - a throwing net
 p - 14 boomerangs
Armour
 b - a +0 buckler (worn)
 q - a +0 pair of gloves (worn)
 s - a +0 chain mail (worn)
Jewellery
 f - a +6 ring of dexterity (left hand)
 l - the amulet of Memuomicw (around neck) {Faith Fragile rF+ rC++ rN+}
   (You acquired it on level 2 of the Dungeon)

   [amulet of faith]

   It allows you to gain divine favour quickly.
   rF:        It protects you from fire.
   rC:        It greatly protects you from cold.
   rN:        It protects you from negative energy.
   Fragile:   It will be destroyed if unequipped.
 m - a ring of willpower (right hand)
Wands
 r - a wand of iceblast (6)
 u - a wand of paralysis (10)
 v - a wand of polymorph (12)
Scrolls
 c - a scroll of torment
 d - 3 scrolls of blinking
 e - 2 scrolls of immolation
 h - 3 scrolls of amnesia
 i - 3 scrolls of identify
 k - a scroll of poison
 n - a scroll of silence
 o - a scroll of teleportation
 t - a scroll of fog
 w - a scroll of vulnerability
 x - a scroll of enchant weapon


   Skills:
 - Level 5.0 Fighting
 * Level 7.9 Axes
 - Level 2.4 Bows
 - Level 3.0 Throwing
 - Level 1.5 Stealth
 + Level 4.7 Shields
 - Level 1.3 Spellcasting
 - Level 1.0 Transmutations
 + Level 3.2 Invocations
 - Level 3.0 Evocations


You had 10 spell levels left.
You didn't know any spells.
Your spell library contained the following spells:

 Spells                   Type           Power      Damage    Failure   Level
 Sting                    Tmut/Pois      4%         1d3       98%         1
 Freeze                   Ice            0%         1d3       99%         1
 Ensorcelled Hibernation  Hex/Ice        0%         N/A       100%        2
 Frozen Ramparts          Ice            0%         1d2       100%        3
 Ignite Poison            Fire/Tmut/Pois 1%         N/A       100%        3
 Anguish                  Hex/Necr       0%         N/A       100%        4
 Fulminant Prism          Conj/Hex       0%         3d6       100%        4
 Hailstorm                Conj/Ice       0%         3d3       100%        4
 Iskenderun's Mystic Bla  Conj/Tloc      0%         2d3       100%        4
 Lee's Rapid Deconstruct  Erth           0%         3d5*      100%        5
 Spider Form              Tmut/Pois      Unusable   N/A       N/A         3

Dungeon Overview and Level Annotations

Branches:
Dungeon (8/15)             Temple (1/1) D:5
   Lair: D:8-11

Altars:
Ashenzari
Cheibriados
Dithmenos
Elyvilon
Fedhas
Gozag
Hepliaklqana
Kikubaaqudgha
Makhleb
Nemelex Xobeh
Okawaru
Qazlal
Ru
Sif Muna
Trog
Uskayaw
Wu Jian
Xom
Zin
The Shining One

Shops:
D:1 (   D:2 :   D:4 (   D:7 (

Annotations:
D:2 Sigmund


Innate Abilities, Weirdness & Mutations

You are immune to poison.
Your flesh is cold resistant. (rC+)
You are immune to negative energy. (rN+++)
You are immune to unholy pain and torment.
You are vulnerable to heat. (rF-)
You are in touch with the powers of death.
You do not drink.


Message History

You hit the water moccasin.
You feel better.
You kill the water moccasin!
The howler monkey hoots and howls with incredible vigour!
You hear an angry hiss. x2
You closely miss the yak.
The yak is lightly wounded.
You slice the yak!!
You feel better.
The yak is heavily wounded.
You slash the yak! The yak barely misses you. The yak gores you! x2
The yak gores you.
You hit the yak but do no damage.
The yak is heavily wounded.
You hit the yak but do no damage. x2; The yak gores you!
The yak gores you but does no damage. The yak gores you.
You are too injured to fight recklessly!
You are too injured to fight recklessly!
You are too injured to fight recklessly!
The howler monkey hoots and howls with incredible vigour!
You block the yak's attack. The yak gores you.
You hear a shout!
You hear an angry hiss.
You hear a loud, deep croak!
Okay, then.
The yak attacks as you move away! The yak gores you!
The yak attacks as you move away! The yak closely misses you.
The yak attacks as you move away! The yak gores you but does no damage.
There is an open door here.
You barely miss the yak.
The yak is heavily wounded.
You slash the yak!
You feel better.
The yak is severely wounded.
You hit the yak.
You feel better. The yak gores you!
* * * LOW HITPOINT WARNING * * *
The yak gores you.
* * * LOW HITPOINT WARNING * * *
You barely miss the yak.
The yak is severely wounded.
You closely miss the yak. The yak gores you!
* * * LOW HITPOINT WARNING * * *
The yak barely misses you. The yak gores you!
You die...
Your body disappears without a glow.

.........................
.........................
.......................♣.
......................P..
......................P..
................†....P...
.........###+#####'#.....
........YYYh.#.....#.....
........@#...†.....'.....
+#########...#.....#YP...
#...#.....'...#.....#....♣
.......#...#.....#...#.....#.....
.......#...#.....#...#.....#....h
.......#...#....##...#######.....
.......#...#....####### ......
.......#...#..........# ......
.......#...#..........# .#####


You could see 3 yaks and a howler monkey.

Vanquished Creatures
  Grinder (D:6)
  Eustachio (D:5)
  2 water moccasins
  Duvessa (D:5)
  4 ice beasts
  2 ogres
  A black bear (D:6)
  2 sky beasts
  A centaur (D:5)
  2 necrophages
  A scorpion (D:8)
  Blork the orc (D:4)
  2 bullfrogs (D:8)
  A gnoll sergeant (D:7)
  4 wights
  Dowan (D:5)
  6 killer bees
  5 howler monkeys
  2 jellies
  4 hounds
  An orc priest (D:6)
  Jessica (D:2)
  3 iguanas
  2 orc wizards (D:6)
  7 gnolls
  8 adders
  A shadow imp (D:5)
  A white imp (D:5)
  A dart slug (D:4)
  10 orcs
  8 ball pythons
  4 bats
  3 endoplasms
  4 giant cockroaches
  5 goblins
  4 hobgoblins
  2 jackals (D:1)
  7 kobolds
  5 quokkas
  4 frilled lizards
  3 rats (D:1)
128 creatures vanquished.

Vanquished Creatures (others)
  A kobold (D:4)
  13 plants (D:8)
14 creatures vanquished.

Grand Total: 142 creatures vanquished

Notes
Turn   | Place    | Note
-------+----------+-------------------------------------------
     0 | D:1      | iphy the Mummy Wanderer began the quest for the Orb.
     0 | D:1      | iphy set off with the following items: a +2 shortbow, 8
                  | boomerangs, a +0 dagger, a scroll of blinking, a +0 leather
                  | armour; and the following spell memorised: Sting; and the
                  | following spells available to memorise: Ignite Poison
     0 | D:1      | Reached XP level 1. HP: 16/16 MP: 2/2
   428 | D:1      | Reached XP level 2. HP: 23/23 MP: 4/4
   479 | D:1      | Found Ucon Mifo's Antique Weapon Shoppe.
  1160 | D:1      | Gained mutation: You are in touch with the powers of death.
                  | [Mummy growth]
  1160 | D:1      | Reached XP level 3. HP: 29/29 MP: 5/5
  1280 | D:2      | Found Xuawozus's Book Boutique.
  1569 | D:2      | Noticed Jessica
  1572 | D:2      | Killed Jessica
  1573 | D:2      | Reached XP level 4. HP: 35/35 MP: 6/6
  1701 | D:2      | Found a faded altar of an unknown god.
  1730 | D:2      | Noticed Sigmund
  1979 | D:2      | Identified a scroll of acquirement
  1981 | D:2      | Acquired the amulet of Memuomicw {Faith Fragile rF+ rC++
                  | rN+}
  2795 | D:4      | Reached XP level 5. HP: 42/42 MP: 7/7
  2803 | D:4      | Found Feestriaw's Antique Weapon Shop.
  2809 | D:4      | Noticed Blork the orc
  2814 | D:4      | Killed Blork the orc
  2851 | D:4      | Bought a runed broad axe for 119 gold pieces
  2926 | D:4      | Reached skill level 1 in Evocations
  2940 | D:4      | Noticed a sky beast
  2951 | D:4      | Killed a sky beast
  2952 | D:4      | Reached skill level 1 in Axes
  2952 | D:4      | Reached XP level 6. HP: 21/49 MP: 8/8
  3827 | D:5      | Entered Level 5 of the Dungeon
  3872 | D:5      | Noticed an ice beast
  3890 | D:5      | Killed an ice beast
  3891 | D:5      | Reached skill level 2 in Axes
  3988 | D:5      | Noticed Eustachio
  3999 | D:5      | Killed Eustachio
  4000 | D:5      | Reached skill level 5 in Fighting
  4000 | D:5      | Reached skill level 3 in Axes
  4000 | D:5      | Reached XP level 7. HP: 40/56 MP: 9/9
  4317 | D:5      | Found an iron altar of Okawaru.
  4341 | D:5      | Found a hazy altar of Hepliaklqana.
  4427 | D:5      | Noticed Duvessa
  4498 | D:5      | Found a staircase to the Ecumenical Temple.
  4505 | D:5      | Noticed Dowan
  4507 | Temple   | Entered the Ecumenical Temple
  4656 | Temple   | Became a worshipper of Nemelex Xobeh the Trickster
  4693 | Temple   | Reached skill level 4 in Axes
  4693 | Temple   | Reached skill level 1 in Shields
  5012 | D:5      | Killed Duvessa
  5013 | D:5      | Reached XP level 8. HP: 43/62 MP: 10/10
  5017 | D:5      | Killed Dowan
  5438 | D:5      | Reached skill level 5 in Axes
  6540 | D:6      | Noticed Grinder
  6717 | D:6      | Killed Grinder
  6718 | D:6      | Reached skill level 6 in Axes
  6947 | D:6      | Reached * piety under Nemelex Xobeh
  7726 | D:7      | Reached skill level 1 in Invocations
  7726 | D:7      | Reached XP level 9. HP: 68/68 MP: 11/11
  7811 | D:7      | Reached skill level 7 in Axes
  7821 | D:7      | Found Leweuj's Weapon Boutique.
  7896 | D:7      | Received a gift from Nemelex Xobeh
  8160 | D:7      | Found the +10 dark maul {vorpal}
  8630 | D:8      | Reached ** piety under Nemelex Xobeh
  8712 | D:8      | Slain by a yak

Illustrated notes

Levels and vault maps discovered:
D:1:      erik_arrival_cave_to_civilisation [erik_arrival_cave_to_hall],
          layout_basic, serial_shops, nicolae_shop_waterfront
D:2:      layout_basic, dreamdust_ecumenical_altar_angels_and_demons,
          serial_shops, nicolae_diamond_shop, uniq_sigmund, uniq_jessica
D:3:      layout_loops_ring
D:4:      layout_basic, elyvilon_altar_4, serial_shops, shop, uniq_blork_the_orc
D:5:      layout_loops_corners, tso_metal_star,
          mainiacjoe_overflow_large_starburst, minmay_temple_entry_ruins,
          uniq_eustachio, uniq_duvessa
D:6:      layout_basic, uniq_grinder
D:7:      layout_loops_ring, enter_bailey_2, serial_shops, shop
D:8:      layout_gridville, minmay_lair_entry_grove
Temple:   regret_index_temple_sphere_string

Skill      XL: |  1  2  3  4  5  6  7  8  9 |
---------------+----------------------------+-----
Fighting       | 3 4 5 |  5.0
Throwing       | 2 3 |  3.0
Evocations     | 1 2 3 |  3.0
Axes           | 1 3 4 6 7 |  7.9
Shields        | 1 3 4 |  4.7
Invocations    | 1 3 |  3.2
Bows           | |  2.4
Stealth        | |  1.5
Spellcasting   | |  1.3
Transmutations | |  1.0

Action                   |  1- 3 |  4- 6 |  7- 9 || total
-------------------------+-------+-------+-------++-------
Melee: Broad axe         |       |    50 |   301 ||   351
 Fire: Shortbow          |    82 |    65 |       ||   147
Throw: Dart              |       |       |     4 ||     4
Evoke: Wand              |       |       |     2 ||     2
  Use: Scroll            |       |    12 |     5 ||    17
 Stab: Sleeping          |       |     2 |       ||     2
       Paralysed         |       |       |     4 ||     4
Armor: Leather armour    |    10 |    10 |       ||    20
       Chain mail        |       |    12 |   197 ||   209
Dodge: Dodged            |    21 |    40 |   142 ||   203
Block: Buckler           |       |       |    88 ||    88

Table legend: (Time is in decaauts)
 A = Elapsed time spent in this place.
 B = Non-inter-level travel time spent in this place.
 C = Inter-level travel time spent in this place.
 D = Time resting spent in this place.
 E = Time spent auto-exploring this place.
 F = Levels seen in this place.
 G = Mean time per level.
                   A        B        C        D        E       F      G
               +--------+--------+--------+--------+--------+-----+--------+
         Total |   8898 |   8467 |    431 |   2510 |   4515 |   9 |  988.7 |
       Dungeon |   8415 |   8016 |    399 |   2233 |   4388 |   8 | 1051.9 |
        Temple |    483 |    451 |     32 |    277 |    127 |   1 |  483.0 |
               +--------+--------+--------+--------+--------+-----+--------+

Top non-repeatable levels by time:
     D:5: 1757 daAuts
     D:6: 1715 daAuts
     D:1: 1251 daAuts
     D:4: 1127 daAuts
     D:2: 964 daAuts
     D:7: 914 daAuts
     D:3: 556 daAuts
  Temple: 483 daAuts
     D:8: 128 daAuts
